 Dungeon Crawl Stone Soup version 0.30-a0-341-g682706514a (webtiles) character file.

Game seed: 10962963460646954300

161 Zonian the Magician (level 5, -5/35 HPs)
             Began as a Djinni Ice Elementalist on Nov 4, 2022.
             Slain by a gnoll
             ... wielding a +0 whip
              (7 damage)
             ... on level 3 of the Dungeon.
             The game lasted 00:05:22 (3482 turns).

Zonian the Magician (Djinni Ice Elementalist)       Turns: 3482, Time: 00:05:23

Health: -5/35      AC:  3    Str:  7    XL:     5   Next: 70%
Gold:   147        EV: 13    Int: 19    God:
                   SH:  0    Dex: 13

rFire   + . .      SeeInvis .    v - +3 dagger (drain)
rCold   . . .      Faith    .    (no shield)
rNeg    . . .      Spirit   .    a - +0 robe
rPois   ∞          Reflect  .    (no helmet)
rElec   .          Harm     .    (no cloak)
rCorr   .          Rampage  .    s - +0 pair of gloves
Will    .....                    (boots unavailable)
Stlth   ++........               (no amulet)
HPRegen 0.25/turn                u - ring of ice
MPRegen 0.00/turn                (no ring)

@: flying, very slightly contaminated
A: sickness immunity, fire resistance 2, cold vulnerability 1, float, innate
caster, HP casting, extra vitality 1
a: no special abilities


You were on level 3 of the Dungeon.
You visited 1 branch of the dungeon, and saw 3 of its levels.

You collected 147 gold pieces.

Inventory:

Hand Weapons
 i - a +0 dagger
 k - a +0 short sword
 n - a +0 falchion
 v - a +3 dagger of draining (weapon)
Armour
 a - a +0 robe (worn)
 m - a +0 scale mail
 s - a +0 pair of gloves (worn)
Jewellery
 u - a ring of ice (left hand)
Wands
 x - a wand of digging (3)
Scrolls
 b - a scroll of brand weapon {unknown}
 e - 5 scrolls of identify {unknown}
 f - a scroll of butterflies {unknown}
 h - 2 scrolls of amnesia {unknown}
 r - a scroll of blinking {unknown}
 w - a scroll of teleportation {unknown}
Potions
 c - a potion of lignification {unknown}
 d - a potion of heal wounds {unknown}
 g - a potion of curing {unknown}
 j - a potion of invisibility {unknown}
 l - a potion of degeneration {unknown}
 o - 2 potions of attraction {unknown}
 p - 2 potions of resistance {unknown}
 q - a potion of ambrosia {unknown}
 t - a potion of mutation {unknown}
 z - a potion of flight {unknown}


   Skills:
 + Level 3.8 Dodging
 + Level 3.1 Stealth
 + Level 4.0 Spellcasting


You couldn't memorise any spells.
You knew the following spells:

 Your Spells              Type           Power      Damage    Failure   Level
a - Freeze                Ice            100%       1d10      2%          1
b - Frozen Ramparts       Ice            56%        1d9       8%          3
c - Ozocubu's Armour      Ice            28%        N/A       8%          3
d - Summon Ice Beast      Ice/Summ       28%        N/A       26%         4
e - Sandblast             Erth           38%        2d10      2%          1
f - Static Discharge      Conj/Air       38%        2-4/arc   4%          2
Your spell library was empty.

Dungeon Overview and Level Annotations

Branches:
Dungeon (3/15)

Altars:
Okawaru

Shops:
D:1 =


Innate Abilities, Weirdness & Mutations

You are immune to sickness and miasma.
You are immune to poison.
Your flesh is very heat resistant. (rF++)
You are vulnerable to cold. (rC-)
You float through the air rather than walking.
You learn spells naturally, not from books.
Your magical power is your life essence.
You have superior vitality. (+4 MHP)


Message History

Press: ? - help, Shift-Dir - straight line, f/p - gnoll
Aim: a gnoll, wielding a +0 club (severely wounded)
You feel a surge of power!
You freeze the gnoll.
You kill the gnoll!
Your Spellcasting skill increases to level 4!
Unknown command.
Casting: Freeze (safe; 2% risk of failure)
Confirm with . or Enter, or press ? or * to list all spells.
Aiming: Freeze (safe; 2% risk of failure)
Press: ? - help, Shift-Dir - straight line, f - gnoll
Aim: a gnoll, wielding a +0 whip You feel a surge of power!
You miscast Freeze.
Nothing appears to happen.
The gnoll hits you with a +0 whip.
Unknown command.
Casting: Freeze (safe; 2% risk of failure)
Confirm with . or Enter, or press ? or * to list all spells.
Aiming: Freeze (safe; 2% risk of failure)
Press: ? - help, Shift-Dir - straight line, f/p - gnoll
Aim: a gnoll, wielding a +0 whip You feel a surge of power!
You freeze the gnoll.
The gnoll is moderately wounded.
The gnoll hits you with a +0 whip!
* * * LOW HITPOINT WARNING * * *
Okay, then.
Casting: Freeze (safe; 2% risk of failure)
Confirm with . or Enter, or press ? or * to list all spells.
Okay, then.
Casting: Freeze (safe; 2% risk of failure)
Confirm with . or Enter, or press ? or * to list all spells.
Okay, then.
Casting: Freeze (safe; 2% risk of failure)
Confirm with . or Enter, or press ? or * to list all spells.
The gnoll is struck by an arc of lightning.
The gnoll is heavily wounded.
You are struck by an arc of lightning.
* * * LOW HITPOINT WARNING * * *
The lightning grounds out.
* * * LOW HITPOINT WARNING * * *
The gnoll hits you with a +0 whip!
You die...

#.#.# #.#.#.#
..#.###.#.#.##############
###.#...#.#..............#
#.#.###.##############.#
#.#.###.# #.# #.#...#.#
#.# #...<...# #.#
###.#..g################.#
..........)...gg@........#
###)#....#################
#.#....# #.#....# #.#....#
#.#....# #....# #....#


You could see 2 gnolls.

Vanquished Creatures
  Jessica (D:3)
  Ijyb (D:3)
  2 gnolls (D:3)
  4 adders
  2 worms
  2 dart slugs (D:3)
  5 ball pythons
  8 endoplasms
  A giant cockroach (D:1)
  5 goblins
  2 hobgoblins
  4 quokkas
  4 bats (D:2)
  4 frilled lizards
  A kobold (D:3)
  3 rats
49 creatures vanquished.

Notes
Turn   | Place    | Note
-------+----------+-------------------------------------------
     0 | D:1      | Zonian the Djinni Ice Elementalist began the quest for the
                  | Orb.
     0 | D:1      | Zonian set off with the following spells memorised: Freeze,
                  | Frozen Ramparts, Ozocubu's Armour, Summon Ice Beast.
     0 | D:1      | Reached XP level 1. HP: 15/15 MP: 0/0
   344 | D:1      | Found Xotwima's Jewellery Shoppe.
   488 | D:1      | Found a faded altar of an unknown god.
   488 | D:1      | Noticed a red devil
   556 | D:1      | Reached XP level 2. HP: 18/21 MP: 0/0
  1110 | D:2      | Reached XP level 3. HP: 20/25 MP: 0/0
  1110 | D:2      | Learned a level 1 spell: Sandblast
  1603 | D:2      | Reached XP level 4. HP: 26/31 MP: 0/0
  2679 | D:3      | Found an iron altar of Okawaru.
  2884 | D:3      | Noticed Jessica
  2892 | D:3      | Killed Jessica
  2893 | D:3      | Reached XP level 5. HP: 13/35 MP: 0/0
  2893 | D:3      | Learned a level 2 spell: Static Discharge
  3221 | D:3      | Noticed Ijyb
  3232 | D:3      | Killed Ijyb
  3480 | D:3      | Reached skill level 4 in Spellcasting
  3482 | D:3      | Slain by a gnoll

Illustrated notes

Levels and vault maps discovered:
D:1:      beargit_arrival_diablo_church, layout_basic, serial_shops,
          nicolae_shop_crystal, dreamdust_ecumenical_altar_sealed_demon
D:2:      layout_basic
D:3:      layout_basic, mainiacjoe_overflow_concentric_impassable, uniq_jessica,
          uniq_ijyb

Skill      XL: |  1  2  3  4  5 |
---------------+----------------+-----
Stealth        | 2 3 |  3.1
Dodging        | 3 |  3.8
Spellcasting   | 4 |  4.0

Action                   |  1- 3 |  4- 6 || total
-------------------------+-------+-------++-------
Melee: Unarmed           |    10 |       ||    10
       Dagger            |     6 |     3 ||     9
       Short sword       |     6 |     7 ||    13
 Cast: Freeze            |    43 |    52 ||    95
       Static Discharge  |       |     1 ||     1
 Stab: Sleeping          |     1 |     2 ||     3
Armor: Robe              |    10 |     5 ||    15
Dodge: Dodged            |    27 |    29 ||    56

Table legend: (Time is in decaauts)
 A = Elapsed time spent in this place.
 B = Non-inter-level travel time spent in this place.
 C = Inter-level travel time spent in this place.
 D = Time resting spent in this place.
 E = Time spent auto-exploring this place.
 F = Levels seen in this place.
 G = Mean time per level.
                   A        B        C        D        E       F      G
               +--------+--------+--------+--------+--------+-----+--------+
         Total |   3479 |   3344 |    135 |    943 |   1858 |   3 | 1159.7 |
       Dungeon |   3479 |   3344 |    135 |    943 |   1858 |   3 | 1159.7 |
               +--------+--------+--------+--------+--------+-----+--------+

Top non-repeatable levels by time:
     D:2: 1294 daAuts
     D:3: 1218 daAuts
     D:1: 966 daAuts
